 Dungeon Crawl Stone Soup version 0.22.0 (webtiles) character file.

28 DingoDongler the Grasshopper (level 3, -1/25 HPs)
             Began as a Gnoll Wanderer on Aug 16, 2018.
             Slain by a leopard gecko (3 damage)
             ... on level 2 of the Dungeon.
             The game lasted 00:06:50 (2323 turns).

DingoDongler the Grasshopper (Gnoll Wanderer)       Turns: 2323, Time: 00:06:50

Health: -1/25      AC:  2    Str: 15    XL:     3   Next: 14%
Magic:  7/7        EV: 11    Int: 15    God:
Gold:   79         SH:  4    Dex: 13    Spells: 7/7 levels left

rFire    . . .     SeeInvis .   b - +0 short sword
rCold    . . .     Gourm    .   c - +0 buckler
rNeg     . . .     Faith    .   d - +0 robe
rPois    .         Spirit   .   (no helmet)
rElec    .         Reflect  .   (no cloak)
rCorr    .         Harm     .   (no gloves)
MR       .....                  (no boots)
Stlth    ++........             (no amulet)
HPRegen  0.08/turn              (no ring)
MPRegen  0.10/turn              (no ring)

@: no status effects
A: distributed training, fangs 1, strong nose
a: no special abilities


You were on level 2 of the Dungeon.
You were not hungry.

You visited 1 branch of the dungeon, and saw 3 of its levels.

You collected 79 gold pieces.

Inventory:

Hand Weapons
 b - a +0 short sword (weapon)
 e - a +0 club
Armour
 c - a +0 buckler (worn)
 d - a +0 robe (worn)
Scrolls
 g - a scroll of teleportation {unknown}
 h - a scroll of fear {unknown}
 j - a scroll of fog {unknown}
 l - a scroll of identify {unknown}
Potions
 a - 2 potions of haste {unknown}
 k - a potion of brilliance {unknown}
 m - a potion of lignification {unknown}
 n - a potion of flight {unknown}
Comestibles
 f - 6 rations
 i - 3 chunks of flesh


   Skills:
 + Level 0.6 Fighting
 + Level 0.6 Short Blades
 + Level 0.6 Long Blades
 + Level 0.6 Axes
 + Level 0.6 Maces & Flails
 + Level 0.6 Polearms
 + Level 0.6 Staves
 + Level 0.6 Slings
 + Level 2.5 Bows
 + Level 0.6 Crossbows
 + Level 0.6 Throwing
 + Level 4.5 Armour
 + Level 0.6 Dodging
 + Level 2.3 Stealth
 + Level 2.5 Shields
 + Level 0.6 Unarmed Combat
 + Level 2.8 Spellcasting
 + Level 0.4 Conjurations
 + Level 0.4 Hexes
 + Level 0.4 Charms
 + Level 0.4 Summonings
 + Level 2.1 Necromancy
 + Level 5.4 Translocations
 + Level 0.4 Transmutations
 + Level 0.4 Fire Magic
 + Level 0.4 Ice Magic
 + Level 0.4 Air Magic
 + Level 0.4 Earth Magic
 + Level 0.4 Poison Magic
 + Level 0.8 Invocations
 + Level 0.6 Evocations


You had 7 spell levels left.
You didn't know any spells.
Your spell library contained the following spells:

 Spells                   Type           Power        Failure   Level  Hunger
 Magic Dart               Conj           #...         21%         1    #......
 Conjure Flame            Conj/Fire      #.......     52%         3    ###....
 Slow                     Hex            #.......     30%         2    ##.....
 Mephitic Cloud           Conj/Pois/Air  #.......     52%         3    ###....
 Teleport Other           Tloc           ###.....     8%          3    ###....
 Blink                    Tloc           N/A          4%          2    ##.....
 Call Imp                 Summ           #.......     30%         2    ##.....
 Swiftness                Chrm/Air       #.......     30%         2    ##.....
 Passage of Golubria      Tloc           N/A          26%         4    #####..
 Shroud of Golubria       Chrm/Tloc      ##........   11%         2    ##.....
 Gell's Gravitas          Tloc           ###.......   8%          3    ###....
 Lesser Beckoning         Tloc           ###.......   8%          3    ###....
 Poisonous Vapours        Pois/Air       #.....       30%         2    ##.....


Dungeon Overview and Level Annotations

Branches:
Dungeon (3/15)

Altars:


Innate Abilities, Weirdness & Mutations

Your experience applies equally to all skills.
You have very sharp teeth.
Your uncanny sense of smell can sniff out nearby items.


Message History

The leopard gecko is heavily wounded.
The leopard gecko bites you.
* * * LOW HITPOINT WARNING * * *
Memorise Blink, consuming 2 spell levels and leaving 5?
The leopard gecko bites you but does no damage.
Your memorisation is interrupted.
You block the leopard gecko's attack. x2
The leopard gecko bites you.
* * * LOW HITPOINT WARNING * * *
The leopard gecko closely misses you. You block the leopard gecko's attack.
The leopard gecko bites you.
* * * LOW HITPOINT WARNING * * *
There is a stone staircase leading up here.
The leopard gecko bites you.
* * * LOW HITPOINT WARNING * * *
You climb upwards.
There is a stone staircase leading down here.
The leopard gecko bites you.
You die...

......# #.......#####.......#
.###..#####..###### ##.#####.#
.(...........# #..# #.#
.###..######.# #####..# #(# .#
##.# ####.# #......# #.# .# #.#
#....# #.###..#####.# .#
##.###.#### #............#
.###...##.########........#####
.##.............@l........#######
####...##.########...............
# ##.###.# #........####### # #.#
#.# #........# # # #.#
#.########....^...# # # #.#
#........####.###.# # #####.#
########.####.###.# # ......#
##..........# # #########
#.......##### #


You could see a leopard gecko.

Vanquished Creatures
  An ooze (D:2)
  A worm (D:2)
  A dart slug (D:1)
  A leopard gecko (D:2)
  3 goblins
  3 hobgoblins
  2 bats (D:1)
  2 frilled lizards
  2 kobolds
  4 rats
20 creatures vanquished.

Notes
Turn   | Place    | Note
-------+----------+-------------------------------------------
     0 | D:1      | DingoDongler the Gnoll Wanderer began the quest for the Orb.
     0 | D:1      | DingoDongler set off with: a +0 buckler, a +0 robe, a +0 club, a ration
     0 | D:1      | Reached XP level 1. HP: 13/13 MP: 4/4
   857 | D:1      | Reached XP level 2. HP: 19/19 MP: 5/5
  1876 | D:2      | Reached XP level 3. HP: 12/25 MP: 7/7
  2321 | D:3      | HP: 1/25 [leopard gecko (1)]
  2323 | D:2      | Slain by a leopard gecko

Skill      XL: |  1 |
---------------+----+-----
Necromancy     | 2 |  2.1
Fighting       | |  0.6
Short Blades   | |  0.6
Long Blades    | |  0.6
Axes           | |  0.6
Maces & Flails | |  0.6
Polearms       | |  0.6
Staves         | |  0.6
Slings         | |  0.6
Bows           | |  2.5
Crossbows      | |  0.6
Throwing       | |  0.6
Armour         | |  4.5
Dodging        | |  0.6
Stealth        | |  2.3
Shields        | |  2.5
Unarmed Combat | |  0.6
Spellcasting   | |  2.8
Conjurations   | |  0.4
Hexes          | |  0.4
Charms         | |  0.4
Summonings     | |  0.4
Translocations | |  5.4
Transmutations | |  0.4
Fire Magic     | |  0.4
Ice Magic      | |  0.4
Air Magic      | |  0.4
Earth Magic    | |  0.4
Poison Magic   | |  0.4
Invocations    | |  0.8
Evocations     | |  0.6

Action                   || total
-------------------------++-------
Melee: Club              ||    25
       Bite              ||     4
       Short sword       ||    61
 Stab: Sleeping          ||     1
  Eat: Chunk             ||     4
Armor: Robe              ||    20
Dodge: Dodged            ||    46
Block: Buckler           ||    19
